River Rats vs Patriotes
Created - 30 décembre 2014 at 19:35
Goals
|
| River Rats |
2 |
5 |
2 |
9 |
| Patriotes |
2 |
0 |
2 |
4 |
|
Shots
|
| River Rats |
9 |
11 |
10 |
30 |
| Patriotes |
5 |
8 |
8 |
21 |
|
1st period
1. Patriotes , Sami Vatanen 2 (Christian Hanson, Timothy Kunes) at 0:40
2. River Rats , Peter Mueller 16 (Chris Mcallister, Andrej Meszaros) at 5:10
3. River Rats , Kellan Lain 8 (Pierre-Cédric Labrie, Chris Mcallister) at 13:23
4. Patriotes , Fedor Fedorov 20 (Cory Emmerton, Lauri Tukonen) at 15:07 (PP)
Penalties :
Steve Quailer (Alb) for Hooking (Minor) at 1:23, Chris Mcallister (Alb) for Hooking (Minor) at 6:05, Martin Grenier (Alb) for Roughing (Minor) at 13:54, Fedor Fedorov (Nyc) for Hooking (Minor) at 16:36
2nd period
5. River Rats , Pierre-Cédric Labrie 8 (Kellan Lain, Michael Del Zotto) at 0:38
6. River Rats , Peter Mueller 17 (Chris Mcallister) at 1:29
7. River Rats , Tyler Bozak 11 (Petr Sykora) at 3:01
8. River Rats , Jamie Arniel 10 (Martin Grenier, Andrej Meszaros) at 8:07
9. River Rats , Petr Sykora 7 (Andrej Meszaros, Matt Jones) at 15:52
Penalties :
Matt Jones (Alb) for Holding (Minor) at 13:33, Jared Staal (Nyc) for Goalie Interference (Minor) at 17:26
3rd period
10. Patriotes , Zenon Konopka 15 (Zack Stortini) at 0:36
11. River Rats , Kellan Lain 9 (Matt Jones, Pierre-Cédric Labrie) at 5:21
12. Patriotes , Zenon Konopka 16 (T.J Galiardi, Brett Skinner) at 5:37
13. River Rats , Tyler Bozak 12 (Andrej Meszaros, Justin Schultz) at 8:55 (PP)
Penalties :
Matt Jones (Alb) for Roughing (Minor) at 2:21, T.J Galiardi (Nyc) for Goalie Interference (Minor) at 8:29, Cory Emmerton (Nyc) for Fighting (Major) at 9:12, Martin Grenier (Alb) for Fighting (Major) at 9:12, Cory Emmerton (Nyc) for instigated a fight (Minor) at 9:12, Cory Emmerton (Nyc) for instigated a fight (10 Minutes Misconduct) at 9:12, Kellan Lain (Alb) for Boarding (Minor) at 16:37
Goalie Stats
Braden Holtby (Alb), 17 saves from 21 shots - (0,810), W, 10-12-2, 60:00 minutes
Joey MacDonald (Nyc), 12 saves from 17 shots - (0,706), 36:08 minutes
Jason Missiaen (Nyc), 9 saves from 13 shots - (0,692), L, 3-1-1, 23:52 minutes
Players Stats for River Rats
Player Name G A P +/- PIM S H SB GA TA FO MP PP MP PK MP
------------------------------------------------------------------------------------
Andrej Meszaros 0 4 4 0 0 2 4 1 1 2 0/0 28:46 4:00 6:35
Brett Maclean 0 0 0 -1 0 0 2 0 0 1 0/1 21:11 3:26 4:10
Chris Mcallister 0 3 3 2 2 1 1 0 0 0 2/4 18:48 2:48 4:44
Damien Brunner 0 0 0 1 0 0 0 0 0 1 0/0 13:12 2:48 0:00
J.T. Brown 0 0 0 1 0 1 0 0 0 0 0/1 7:35 0:06 0:00
Jamie Arniel 1 0 1 1 0 3 3 0 0 0 1/5 9:50 0:00 2:48
Justin Schultz 0 1 1 1 0 1 1 0 3 0 0/0 21:26 4:17 4:45
Kellan Lain 2 1 3 3 2 5 2 0 0 1 2/2 12:25 0:13 0:43
Martin Grenier 0 1 1 0 7 0 5 2 2 0 0/0 25:30 1:24 5:37
Matt Jones 0 2 2 3 4 1 0 0 0 0 0/0 17:47 0:42 2:56
Michael Del Zotto 0 1 1 4 0 4 1 1 2 1 0/0 13:42 2:23 0:00
Pavel Valentenko 0 0 0 4 0 0 1 0 0 0 0/0 12:47 0:00 2:23
Peter Mueller 2 0 2 1 0 2 0 1 0 0 4/9 13:43 2:48 0:13
Petr Sykora 1 1 2 0 0 3 2 1 0 0 3/3 23:31 3:22 6:04
Pierre-Cédric Labrie 1 2 3 3 0 1 1 0 0 0 0/0 11:37 0:16 0:13
Steve Quailer 0 0 0 2 2 1 3 0 0 0 0/1 9:40 0:00 0:00
Tomas Kubalik 0 0 0 1 0 0 0 0 0 0 0/0 6:53 0:00 0:00
Tyler Bozak 2 0 2 -1 0 5 3 1 1 1 16/29 20:22 3:22 3:21
Players Stats for Patriotes
Player Name G A P +/- PIM S H SB GA TA FO MP PP MP PK MP
------------------------------------------------------------------------------------
Brett Skinner 0 1 1 -2 0 2 1 4 1 0 0/0 27:32 5:50 3:26
Christian Hanson 0 1 1 0 0 3 1 0 0 0 3/4 13:31 1:01 1:37
Cory Emmerton 0 1 1 -2 17 4 1 0 0 1 17/34 18:51 4:46 2:27
Fedor Fedorov 1 0 1 -4 2 2 1 0 0 2 1/6 25:07 5:49 2:26
Jared Staal 0 0 0 0 2 0 2 0 0 0 0/0 11:11 0:24 0:00
Joe Charlebois 0 0 0 -2 0 0 0 0 1 2 0/0 27:32 5:50 3:26
Jordan Samuels-Thomas 0 0 0 -4 0 0 1 0 0 0 0/0 8:29 0:00 1:40
Lauri Tukonen 0 1 1 -2 0 1 1 0 1 1 0/0 19:14 5:41 0:00
Liam Reddox 0 0 0 0 0 0 2 0 1 2 0/1 12:06 0:00 2:01
Mathieu Brodeur 0 0 0 -1 0 0 0 1 0 0 0/0 10:15 0:00 0:00
Nigel Williams 0 0 0 -1 0 0 0 0 1 0 0/0 10:15 0:00 0:00
Patrice Cormier 0 0 0 -3 0 0 2 0 0 0 0/1 8:47 0:50 0:24
Ryan White 0 0 0 0 0 0 0 0 0 0 0/0 0:18 0:00 0:00
Sami Vatanen 1 0 1 -2 0 1 1 2 1 1 0/0 22:13 5:18 2:57
T.J Galiardi 0 1 1 0 2 4 2 0 1 0 0/0 18:59 4:55 1:19
Timothy Kunes 0 1 1 -2 0 0 0 3 0 0 0/0 22:13 5:18 2:57
Zack Stortini 0 1 1 0 0 1 5 2 0 0 0/0 18:06 5:03 0:00
Zenon Konopka 2 0 2 0 0 3 1 0 0 0 6/9 18:54 4:55 0:52
3 Stars
1 - Kellan Lain (Alb)
2 - Pierre-Cédric Labrie (Alb)
3 - Andrej Meszaros (Alb)
Power Play
River Rats - 1 on 4 Attempt(s) - 25,00%
Patriotes - 1 on 6 Attempt(s) - 16,67%
Penalty Kill
River Rats - 5 on 6 Attempt(s) - 83,33%
- Score 0 goal in Penalty Kill
Patriotes - 3 on 4 Attempt(s) - 75,00%
- Score 0 goal in Penalty Kill
Official
Referees : VanMassenhoven Don and O'Halloran Dan
Linesman : Mark Pare and Brian Mach
Game Notes
Jason Missiaen enters game at 1:29 of 2nd period
Joey MacDonald enters game at 5:21 of 3rd period
Cory Emmerton beats up Martin Grenier at 9:12 of 3rd period
Finance
Level 1 -- Attendance: 1538 (76,90%) -- Ticket Income 53 830 $
Level 2 -- Attendance: 785 (78,50%) -- Ticket Income 11 775 $
Total Attendance: 2323 (77,43%)
Total Ticket Income: 65 605 $
Other Income: 3 280 $
Total Income: 68 885 $
River Rats
5 vs 5 Forward
Center Left Wing Right Wing Time % Phy DF OF
1 Tyler Bozak Brett Maclean Petr Sykora 40 1 2 2
2 Peter Mueller Chris Mcallister Damien Brunner 30 1 2 2
3 Kellan Lain Pierre-Cédric Labrie Steve Quailer 20 1 2 2
4 Jamie Arniel Tomas Kubalik J.T. Brown 10 1 2 2
5 vs 5 Defense
Defense Defense Time % Phy DF OF
1 Martin Grenier Andrej Meszaros 40 1 2 2
2 Justin Schultz Matt Jones 30 1 2 2
3 Michael Del Zotto Pavel Valentenko 20 1 2 2
4 Martin Grenier Andrej Meszaros 10 1 2 2
PowerPlay Forward
Center Left Wing Right Wing Time % Phy DF OF
1 Tyler Bozak Brett Maclean Petr Sykora 60 1 2 2
2 Peter Mueller Chris Mcallister Damien Brunner 40 1 2 2
PowerPlay Defense
Defense Defense Time % Phy DF OF
1 Justin Schultz Andrej Meszaros 60 1 2 2
2 Justin Schultz Michael Del Zotto 40 1 2 2
Penalty Kill 4 Players Forward
Center Wing Time % Phy DF OF
1 Chris Mcallister Petr Sykora 60 1 2 2
2 Tyler Bozak Brett Maclean 40 1 2 2
Penalty Kill 4 Players Defense
Defense Defense Time % Phy DF OF
1 Martin Grenier Andrej Meszaros 60 1 2 2
2 Justin Schultz Matt Jones 40 1 2 2
Penalty Kill - 3 Players Forward
Forward Time % Phy DF OF
1 Chris Mcallister 60 1 2 2
2 Petr Sykora 40 1 2 2
Penalty Kill - 3 Players Defense
Defense Defense Time % Phy DF OF
1 Martin Grenier Andrej Meszaros 60 1 2 2
2 Justin Schultz Matt Jones 40 1 2 2
4 vs 4 Forward
Center Wing Time % Phy DF OF
1 Chris Mcallister Petr Sykora 60 1 2 2
2 Tyler Bozak Brett Maclean 40 1 2 2
4 vs 4 Defense
Defense Defense Time % Phy DF OF
1 Martin Grenier Andrej Meszaros 60 1 2 2
2 Justin Schultz Matt Jones 40 1 2 2
Last Minutes Offensive
Center Left Wing Right Wing Defense Defense
Tyler Bozak Chris Mcallister Petr Sykora Martin Grenier Andrej Meszaros
Last Minutes Defensive
Center Left Wing Right Wing Defense Defense
Tyler Bozak Chris Mcallister Petr Sykora Martin Grenier Andrej Meszaros
Goaltenders
Starting : Braden Holtby
Backup : Allen York
Extra Forwards
Normal : Pierre-Cédric Labrie, Kellan Lain, Jamie Arniel - PP : Pierre-Cédric Labrie, Kellan Lain - PK : Jamie Arniel
Extra Defensemen
Normal : Michael Del Zotto, Pavel Valentenko, Justin Schultz - PP : Michael Del Zotto - PK : Pavel Valentenko, Justin Schultz
Penalty Shots
Chris Mcallister, Petr Sykora, Tyler Bozak, Brett Maclean, Damien Brunner
Patriotes
5 vs 5 Forward
Center Left Wing Right Wing Time % Phy DF OF
1 Cory Emmerton Fedor Fedorov Lauri Tukonen 40 1 2 2
2 Zenon Konopka T.J Galiardi Zack Stortini 30 1 2 2
3 Christian Hanson Liam Reddox Jared Staal 20 1 2 2
4 Patrice Cormier Jordan Samuels-Thomas Fedor Fedorov 10 1 2 2
5 vs 5 Defense
Defense Defense Time % Phy DF OF
1 Brett Skinner Joe Charlebois 40 1 2 2
2 Timothy Kunes Sami Vatanen 30 1 2 2
3 Nigel Williams Mathieu Brodeur 20 1 2 2
4 Brett Skinner Joe Charlebois 10 1 2 2
PowerPlay Forward
Center Left Wing Right Wing Time % Phy DF OF
1 Cory Emmerton Fedor Fedorov Lauri Tukonen 60 1 2 2
2 Zenon Konopka T.J Galiardi Zack Stortini 40 1 2 2
PowerPlay Defense
Defense Defense Time % Phy DF OF
1 Brett Skinner Joe Charlebois 60 1 2 2
2 Timothy Kunes Sami Vatanen 40 1 2 2
Penalty Kill 4 Players Forward
Center Wing Time % Phy DF OF
1 Fedor Fedorov Cory Emmerton 60 1 2 2
2 Zenon Konopka T.J Galiardi 40 1 2 2
Penalty Kill 4 Players Defense
Defense Defense Time % Phy DF OF
1 Brett Skinner Joe Charlebois 60 1 2 2
2 Timothy Kunes Sami Vatanen 40 1 2 2
Penalty Kill - 3 Players Forward
Forward Time % Phy DF OF
1 Fedor Fedorov 60 1 2 2
2 Cory Emmerton 40 1 2 2
Penalty Kill - 3 Players Defense
Defense Defense Time % Phy DF OF
1 Brett Skinner Joe Charlebois 60 1 2 2
2 Timothy Kunes Sami Vatanen 40 1 2 2
4 vs 4 Forward
Center Wing Time % Phy DF OF
1 Fedor Fedorov Cory Emmerton 60 1 2 2
2 Zenon Konopka T.J Galiardi 40 1 2 2
4 vs 4 Defense
Defense Defense Time % Phy DF OF
1 Brett Skinner Joe Charlebois 60 1 2 2
2 Timothy Kunes Sami Vatanen 40 1 2 2
Last Minutes Offensive
Center Left Wing Right Wing Defense Defense
Cory Emmerton Fedor Fedorov Lauri Tukonen Brett Skinner Joe Charlebois
Last Minutes Defensive
Center Left Wing Right Wing Defense Defense
Cory Emmerton Fedor Fedorov Lauri Tukonen Brett Skinner Joe Charlebois
Goaltenders
Starting : Joey MacDonald
Backup : Jason Missiaen
Extra Forwards
Normal : Christian Hanson, Patrice Cormier, Liam Reddox - PP : Christian Hanson, Patrice Cormier - PK : Liam Reddox
Extra Defensemen
Normal : Nigel Williams, Mathieu Brodeur, Timothy Kunes - PP : Nigel Williams - PK : Mathieu Brodeur, Timothy Kunes
Penalty Shots
Fedor Fedorov, Cory Emmerton, Zenon Konopka, T.J Galiardi, Christian Hanson
% Time on Ice - River Rats
Lines # - Real PCT - Wanted PCT - Time Play
Normal Forward
1 - 37% - 40% - 15:33
2 - 25% - 30% - 10:27
3 - 23% - 20% - 9:36
4 - 16% - 10% - 6:53
Normal Defense
1 - 42% - 40% - 17:58
2 - 33% - 30% - 14:04
3 - 22% - 20% - 9:09
4 - 3% - 10% - 1:18
PP Forward
1 - 56% - 60% - 3:35
2 - 44% - 40% - 2:48
PP Defense
1 - 63% - 60% - 4:00
2 - 37% - 40% - 2:23
PK Forward
1 - 70% - 60% - 7:47
2 - 30% - 40% - 3:21
PK Defense
1 - 57% - 60% - 6:19
2 - 43% - 40% - 4:49
PK3 Forward
1 - 0% - 60%
2 - 0% - 40%
PK3 Defense
1 - 0% - 60%
2 - 0% - 40%
44 Forward
1 - 0% - 60%
2 - 0% - 40%
44 Defense
1 - 0% - 60%
2 - 0% - 40%
Last Minute Offensive - 0:00
Last Minute Defensive - 0:00
Total
Forward - 60:00
Defense - 60:00
|
% Time on Ice - Patriotes
Lines # - Real PCT - Wanted PCT - Time Play
Normal Forward
1 - 35% - 40% - 14:51
2 - 30% - 30% - 12:46
3 - 22% - 20% - 9:31
4 - 13% - 10% - 5:21
Normal Defense
1 - 40% - 40% - 16:58
2 - 33% - 30% - 13:58
3 - 24% - 20% - 10:15
4 - 3% - 10% - 1:18
PP Forward
1 - 56% - 60% - 6:13
2 - 44% - 40% - 4:55
PP Defense
1 - 52% - 60% - 5:50
2 - 48% - 40% - 5:18
PK Forward
1 - 86% - 60% - 5:31
2 - 14% - 40% - 0:52
PK Defense
1 - 54% - 60% - 3:26
2 - 46% - 40% - 2:57
PK3 Forward
1 - 0% - 60%
2 - 0% - 40%
PK3 Defense
1 - 0% - 60%
2 - 0% - 40%
44 Forward
1 - 0% - 60%
2 - 0% - 40%
44 Defense
1 - 0% - 60%
2 - 0% - 40%
Last Minute Offensive - 0:00
Last Minute Defensive - 0:00
Total
Forward - 60:00
Defense - 60:00
|
Play by Play
1st period
0:01 of 1st period - Tyler Bozak wins face-off versus Cory Emmerton in neutral zone.
0:30 of 1st period - Wrist shot by Christian Hanson.
0:30 of 1st period - Stopped by Braden Holtby with a rebound.
0:38 of 1st period - Wrist shot by Christian Hanson.
0:38 of 1st period - Shot Misses the Net.
0:40 of 1st period - Slapshot by Sami Vatanen.
0:40 of 1st period - Goal by Sami Vatanen - River Rats : 0 - Patriotes : 1.
0:41 of 1st period - Peter Mueller wins face-off versus Zenon Konopka in neutral zone.
1:11 of 1st period - Wrist shot by Fedor Fedorov.
1:11 of 1st period - Shot Misses the Net.
1:23 of 1st period - Minor Penalty to Steve Quailer for Hooking.
1:24 of 1st period - Cory Emmerton wins face-off versus Chris Mcallister in River Rats zone.
2:08 of 1st period - Lauri Tukonen is hit by Andrej Meszaros and loses puck.
2:46 of 1st period - Joe Charlebois is hit by Jamie Arniel and loses puck.
3:23 of 1st period - Penalty to Steve Quailer is over, Steve Quailer is back on ice.
3:35 of 1st period - Slapshot by Michael Del Zotto.
3:35 of 1st period - Stopped by Joey MacDonald with a rebound.
3:39 of 1st period - Slapshot by Kellan Lain.
3:39 of 1st period - Stopped by Joey MacDonald with a rebound.
3:41 of 1st period - Slapshot by Michael Del Zotto.
3:41 of 1st period - Stopped by Joey MacDonald without a rebound.
3:42 of 1st period - Christian Hanson wins face-off versus Jamie Arniel in Patriotes zone.
4:24 of 1st period - Snap shot by Pierre-Cédric Labrie.
4:24 of 1st period - Shot Blocked by Sami Vatanen.
5:10 of 1st period - Snap shot by Peter Mueller.
5:10 of 1st period - Goal by Peter Mueller - River Rats : 1 - Patriotes : 1.
5:11 of 1st period - Tyler Bozak wins face-off versus Fedor Fedorov in neutral zone.
5:26 of 1st period - Icing by Matt Jones.
5:27 of 1st period - Tyler Bozak wins face-off versus Zenon Konopka in River Rats zone.
5:40 of 1st period - Snap shot by Petr Sykora.
5:40 of 1st period - Shot Blocked by Timothy Kunes.
5:42 of 1st period - Slapshot by Justin Schultz.
5:42 of 1st period - Shot Misses the Net.
5:44 of 1st period - Slapshot by Justin Schultz.
5:44 of 1st period - Stopped by Joey MacDonald without a rebound.
5:45 of 1st period - Peter Mueller wins face-off versus Cory Emmerton in Patriotes zone.
5:52 of 1st period - Wrist shot by Fedor Fedorov.
5:52 of 1st period - Shot Misses the Net.
5:54 of 1st period - Slapshot by Brett Skinner.
5:54 of 1st period - Stopped by Braden Holtby without a rebound.
5:55 of 1st period - Cory Emmerton wins face-off versus Peter Mueller in River Rats zone.
6:00 of 1st period - Snap shot by Cory Emmerton.
6:00 of 1st period - Deflect By Fedor Fedorov.
6:00 of 1st period - Shot Misses the Net.
6:00 of 1st period - Puck is out of play.
6:01 of 1st period - Cory Emmerton wins face-off versus Peter Mueller in River Rats zone.
6:05 of 1st period - Minor Penalty to Chris Mcallister for Hooking.
6:06 of 1st period - Cory Emmerton wins face-off versus Jamie Arniel in River Rats zone.
6:19 of 1st period - Snap shot by Fedor Fedorov.
6:19 of 1st period - Stopped by Braden Holtby with a rebound.
6:21 of 1st period - Snap shot by Lauri Tukonen.
6:21 of 1st period - Deflect By Cory Emmerton.
6:21 of 1st period - Shot Misses the Net.
6:21 of 1st period - Puck is out of play.
6:22 of 1st period - Cory Emmerton wins face-off versus Jamie Arniel in River Rats zone.
6:25 of 1st period - Slapshot by Cory Emmerton.
6:25 of 1st period - Shot Misses the Net.
6:27 of 1st period - Snap shot by Fedor Fedorov.
6:27 of 1st period - Deflect By Cory Emmerton.
6:27 of 1st period - Shot Blocked by Martin Grenier.
6:27 of 1st period - Puck is out of play.
6:28 of 1st period - Jamie Arniel wins face-off versus Cory Emmerton in River Rats zone.
7:35 of 1st period - Cory Emmerton is hit by Kellan Lain and loses puck.
8:03 of 1st period - Matt Jones is hit by Zack Stortini and loses puck.
8:05 of 1st period - Penalty to Chris Mcallister is over, Chris Mcallister is back on ice.
8:34 of 1st period - Nigel Williams is hit by Steve Quailer and loses puck.
8:59 of 1st period - Jared Staal is hit by Steve Quailer and loses puck.
10:18 of 1st period - Christian Hanson is hit by Pavel Valentenko and loses puck.
10:44 of 1st period - Chris Mcallister is hit by Zack Stortini and loses puck.
10:55 of 1st period - Brett Skinner is hit by Martin Grenier and loses puck.
11:00 of 1st period - Snap shot by Tyler Bozak.
11:00 of 1st period - Stopped by Joey MacDonald with a rebound.
11:12 of 1st period - Brett Skinner is hit by Martin Grenier and loses puck.
12:25 of 1st period - Mathieu Brodeur is hit by Martin Grenier and loses puck.
12:40 of 1st period - Brett Skinner is hit by Andrej Meszaros and loses puck.
12:53 of 1st period - Zack Stortini is hit by Chris Mcallister and loses puck.
13:21 of 1st period - Snap shot by Pierre-Cédric Labrie.
13:21 of 1st period - Shot Blocked by Timothy Kunes.
13:23 of 1st period - Slapshot by Kellan Lain.
13:23 of 1st period - Deflect By Cory Emmerton.
13:23 of 1st period - Goal by Kellan Lain - River Rats : 2 - Patriotes : 1.
13:24 of 1st period - Tyler Bozak wins face-off versus Cory Emmerton in neutral zone.
13:54 of 1st period - Minor Penalty to Martin Grenier for Roughing.
13:55 of 1st period - Petr Sykora wins face-off versus Cory Emmerton in River Rats zone.
14:46 of 1st period - Timothy Kunes is hit by Brett Maclean and loses puck.
14:55 of 1st period - Snap shot by Brett Maclean.
14:55 of 1st period - Shot Misses the Net.
14:57 of 1st period - Snap shot by Andrej Meszaros.
14:57 of 1st period - Stopped by Joey MacDonald without a rebound.
14:58 of 1st period - Tyler Bozak wins face-off versus Cory Emmerton in Patriotes zone.
14:59 of 1st period - Backhand shot by Brett Maclean.
14:59 of 1st period - Shot Misses the Net.
15:07 of 1st period - Wrist shot by Fedor Fedorov.
15:07 of 1st period - Goal by Fedor Fedorov - River Rats : 2 - Patriotes : 2.
15:08 of 1st period - Cory Emmerton wins face-off versus Tyler Bozak in neutral zone.
15:38 of 1st period - Off-side.
15:39 of 1st period - Zenon Konopka wins face-off versus Peter Mueller in neutral zone.
15:54 of 1st period - Slapshot by Chris Mcallister.
15:54 of 1st period - Shot Blocked by Timothy Kunes.
16:04 of 1st period - Brett Maclean is hit by Cory Emmerton and loses puck.
16:31 of 1st period - Wrist shot by Steve Quailer.
16:31 of 1st period - Stopped by Joey MacDonald without a rebound.
16:32 of 1st period - Petr Sykora wins face-off versus Cory Emmerton in Patriotes zone.
16:36 of 1st period - Minor Penalty to Fedor Fedorov for Hooking.
16:37 of 1st period - Tyler Bozak wins face-off versus Liam Reddox in Patriotes zone.
16:37 of 1st period - Backhand shot by Andrej Meszaros.
16:37 of 1st period - Shot Misses the Net.
18:29 of 1st period - Justin Schultz is hit by T.J Galiardi and loses puck.
18:36 of 1st period - Penalty to Fedor Fedorov is over, Fedor Fedorov is back on ice.
18:36 of 1st period - Brett Skinner is hit by Martin Grenier and loses puck.
Goals for this period are 2 for River Rats vs 2 for Patriotes.
Shots for this period are 9 for River Rats vs 5 for Patriotes.
2nd period
0:01 of 2nd period - Cory Emmerton wins face-off versus Tyler Bozak in neutral zone.
0:38 of 2nd period - Slapshot by Pierre-Cédric Labrie.
0:38 of 2nd period - Goal by Pierre-Cédric Labrie - River Rats : 3 - Patriotes : 2.
0:39 of 2nd period - Zenon Konopka wins face-off versus Tyler Bozak in neutral zone.
0:52 of 2nd period - Icing by Andrej Meszaros.
0:53 of 2nd period - Cory Emmerton wins face-off versus Tyler Bozak in River Rats zone.
1:20 of 2nd period - Peter Mueller is hit by Zack Stortini.
1:29 of 2nd period - Slapshot by Peter Mueller.
1:29 of 2nd period - Goal by Peter Mueller - River Rats : 4 - Patriotes : 2.
1:29 of 2nd period - Jason Missiaen enters game.
1:30 of 2nd period - Tyler Bozak wins face-off versus Cory Emmerton in neutral zone.
1:33 of 2nd period - Cory Emmerton is hit by Petr Sykora and loses puck.
2:55 of 2nd period - Icing by Brett Skinner.
2:56 of 2nd period - Tyler Bozak wins face-off versus Patrice Cormier in Patriotes zone.
3:01 of 2nd period - Backhand shot by Tyler Bozak.
3:01 of 2nd period - Goal by Tyler Bozak - River Rats : 5 - Patriotes : 2.
3:02 of 2nd period - Cory Emmerton wins face-off versus Tyler Bozak in neutral zone.
3:29 of 2nd period - Andrej Meszaros is hit by Zack Stortini and loses puck.
3:50 of 2nd period - Snap shot by Justin Schultz.
3:50 of 2nd period - Shot Blocked by Sami Vatanen.
3:56 of 2nd period - T.J Galiardi is hit by Jamie Arniel and loses puck.
4:17 of 2nd period - Snap shot by Zenon Konopka.
4:17 of 2nd period - Deflect By T.J Galiardi.
4:17 of 2nd period - Stopped by Braden Holtby without a rebound.
4:18 of 2nd period - Cory Emmerton wins face-off versus Brett Maclean in River Rats zone.
4:43 of 2nd period - Damien Brunner is hit by Liam Reddox and loses puck.
4:48 of 2nd period - Wrist shot by Liam Reddox.
4:48 of 2nd period - Shot Blocked by Andrej Meszaros.
5:14 of 2nd period - Slapshot by Pierre-Cédric Labrie.
5:14 of 2nd period - Shot Blocked by Brett Skinner.
5:16 of 2nd period - Wrist shot by Kellan Lain.
5:16 of 2nd period - Stopped by Jason Missiaen without a rebound.
5:17 of 2nd period - Tyler Bozak wins face-off versus Cory Emmerton in Patriotes zone.
5:22 of 2nd period - Snap shot by Tyler Bozak.
5:22 of 2nd period - Stopped by Jason Missiaen without a rebound.
5:23 of 2nd period - Petr Sykora wins face-off versus Cory Emmerton in Patriotes zone.
5:36 of 2nd period - Snap shot by Lauri Tukonen.
5:36 of 2nd period - Stopped by Braden Holtby with a rebound.
6:16 of 2nd period - Wrist shot by Zenon Konopka.
6:16 of 2nd period - Shot Misses the Net.
6:28 of 2nd period - Snap shot by T.J Galiardi.
6:28 of 2nd period - Stopped by Braden Holtby without a rebound.
6:29 of 2nd period - Cory Emmerton wins face-off versus Tyler Bozak in River Rats zone.
6:32 of 2nd period - Snap shot by Cory Emmerton.
6:32 of 2nd period - Stopped by Braden Holtby with a rebound.
6:59 of 2nd period - Wrist shot by Brett Skinner.
6:59 of 2nd period - Stopped by Braden Holtby without a rebound.
7:00 of 2nd period - Christian Hanson wins face-off versus Peter Mueller in River Rats zone.
7:26 of 2nd period - Cory Emmerton is hit by Tyler Bozak and loses puck.
7:47 of 2nd period - Snap shot by Pierre-Cédric Labrie.
7:47 of 2nd period - Shot Blocked by Zack Stortini.
8:07 of 2nd period - Snap shot by Jamie Arniel.
8:07 of 2nd period - Goal by Jamie Arniel - River Rats : 6 - Patriotes : 2.
8:08 of 2nd period - Tyler Bozak wins face-off versus Cory Emmerton in neutral zone.
8:21 of 2nd period - Backhand shot by Cory Emmerton.
8:21 of 2nd period - Shot Hit the Post.
8:23 of 2nd period - Wrist shot by Fedor Fedorov.
8:23 of 2nd period - Shot Blocked by Michael Del Zotto.
8:40 of 2nd period - Snap shot by Chris Mcallister.
8:40 of 2nd period - Stopped by Jason Missiaen without a rebound.
8:41 of 2nd period - Peter Mueller wins face-off versus Cory Emmerton in Patriotes zone.
8:44 of 2nd period - Slapshot by Andrej Meszaros.
8:44 of 2nd period - Stopped by Jason Missiaen with a rebound.
8:56 of 2nd period - Wrist shot by Cory Emmerton.
8:56 of 2nd period - Shot Blocked by Martin Grenier.
9:12 of 2nd period - Timothy Kunes is hit by Tyler Bozak and loses puck.
9:29 of 2nd period - Snap shot by Christian Hanson.
9:29 of 2nd period - Stopped by Braden Holtby without a rebound.
9:30 of 2nd period - Kellan Lain wins face-off versus Cory Emmerton in River Rats zone.
10:00 of 2nd period - Slapshot by Matt Jones.
10:00 of 2nd period - Shot Blocked by Zack Stortini.
10:02 of 2nd period - Wrist shot by Petr Sykora.
10:02 of 2nd period - Stopped by Jason Missiaen with a rebound.
10:04 of 2nd period - Slapshot by Michael Del Zotto.
10:04 of 2nd period - Shot Misses the Net.
10:41 of 2nd period - Fedor Fedorov is hit by Jamie Arniel and loses puck.
11:16 of 2nd period - Matt Jones is hit by Zenon Konopka and loses puck.
11:36 of 2nd period - Off-side.
11:37 of 2nd period - Christian Hanson wins face-off versus Peter Mueller in neutral zone.
12:07 of 2nd period - Slapshot by Brett Maclean.
12:07 of 2nd period - Shot Misses the Net.
12:09 of 2nd period - Wrist shot by Brett Maclean.
12:09 of 2nd period - Shot Blocked by Brett Skinner.
12:44 of 2nd period - Wrist shot by Jamie Arniel.
12:44 of 2nd period - Stopped by Jason Missiaen with a rebound.
12:46 of 2nd period - Slapshot by Matt Jones.
12:46 of 2nd period - Shot Misses the Net.
12:48 of 2nd period - Slapshot by J.T. Brown.
12:48 of 2nd period - Shot Blocked by Brett Skinner.
13:00 of 2nd period - Peter Mueller is hit by Jordan Samuels-Thomas and loses puck.
13:33 of 2nd period - Minor Penalty to Matt Jones for Holding.
13:34 of 2nd period - Cory Emmerton wins face-off versus Chris Mcallister in River Rats zone.
13:47 of 2nd period - Snap shot by Lauri Tukonen.
13:47 of 2nd period - Shot Blocked by Petr Sykora.
13:49 of 2nd period - Wrist shot by Cory Emmerton.
13:49 of 2nd period - Shot Misses the Net.
14:11 of 2nd period - Andrej Meszaros is hit by T.J Galiardi and loses puck.
15:15 of 2nd period - Sami Vatanen is hit by Petr Sykora and loses puck.
15:33 of 2nd period - Penalty to Matt Jones is over, Matt Jones is back on ice.
15:45 of 2nd period - Matt Jones is hit by Jared Staal and loses puck.
15:52 of 2nd period - Slapshot by Petr Sykora.
15:52 of 2nd period - Goal by Petr Sykora - River Rats : 7 - Patriotes : 2.
15:53 of 2nd period - Kellan Lain wins face-off versus Cory Emmerton in neutral zone.
16:03 of 2nd period - Joe Charlebois is hit by Pierre-Cédric Labrie and loses puck.
16:27 of 2nd period - Snap shot by Zack Stortini.
16:27 of 2nd period - Stopped by Braden Holtby with a rebound.
16:47 of 2nd period - Wrist shot by Tyler Bozak.
16:47 of 2nd period - Shot Blocked by Mathieu Brodeur.
16:49 of 2nd period - Slapshot by Brett Maclean.
16:49 of 2nd period - Shot Misses the Net.
16:51 of 2nd period - Snap shot by Brett Maclean.
16:51 of 2nd period - Shot Misses the Net.
17:07 of 2nd period - Snap shot by Christian Hanson.
17:07 of 2nd period - Stopped by Braden Holtby without a rebound.
17:08 of 2nd period - Peter Mueller wins face-off versus Christian Hanson in River Rats zone.
17:26 of 2nd period - Minor Penalty to Jared Staal for Goalie Interference.
17:27 of 2nd period - Fedor Fedorov wins face-off versus Tyler Bozak in Patriotes zone.
18:02 of 2nd period - Zenon Konopka is hit by Justin Schultz and loses puck.
19:03 of 2nd period - Timothy Kunes is hit by Tyler Bozak and loses puck.
19:26 of 2nd period - Penalty to Jared Staal is over, Jared Staal is back on ice.
19:42 of 2nd period - Kellan Lain is hit by Christian Hanson and loses puck.
19:52 of 2nd period - Off-side.
19:53 of 2nd period - Zenon Konopka wins face-off versus J.T. Brown in neutral zone.
19:56 of 2nd period - J.T. Brown is hit by Brett Skinner and loses puck.
Goals for this period are 5 for River Rats vs 0 for Patriotes.
Shots for this period are 11 for River Rats vs 8 for Patriotes.
3rd period
0:01 of 3rd period - Cory Emmerton wins face-off versus Tyler Bozak in neutral zone.
0:06 of 3rd period - Snap shot by Fedor Fedorov.
0:06 of 3rd period - Shot Misses the Net.
0:25 of 3rd period - Peter Mueller is hit by Zack Stortini and loses puck.
0:34 of 3rd period - Wrist shot by Zenon Konopka.
0:34 of 3rd period - Shot Misses the Net.
0:36 of 3rd period - Backhand shot by Zenon Konopka.
0:36 of 3rd period - Goal by Zenon Konopka - River Rats : 7 - Patriotes : 3.
0:37 of 3rd period - Tyler Bozak wins face-off versus Cory Emmerton in neutral zone.
0:44 of 3rd period - Slapshot by Brett Skinner.
0:44 of 3rd period - Deflect By Cory Emmerton.
0:44 of 3rd period - Stopped by Braden Holtby without a rebound.
0:45 of 3rd period - Tyler Bozak wins face-off versus Cory Emmerton in River Rats zone.
1:00 of 3rd period - Snap shot by Brett Skinner.
1:00 of 3rd period - Shot Blocked by Tyler Bozak.
1:18 of 3rd period - Wrist shot by T.J Galiardi.
1:18 of 3rd period - Stopped by Braden Holtby with a rebound.
1:20 of 3rd period - Wrist shot by Zenon Konopka.
1:20 of 3rd period - Shot Blocked by Peter Mueller.
1:36 of 3rd period - Slapshot by Sami Vatanen.
1:36 of 3rd period - Shot Misses the Net.
2:02 of 3rd period - Wrist shot by J.T. Brown.
2:02 of 3rd period - Deflect By Sami Vatanen.
2:02 of 3rd period - Stopped by Jason Missiaen with a rebound.
2:21 of 3rd period - Minor Penalty to Matt Jones for Roughing.
2:22 of 3rd period - Chris Mcallister wins face-off versus Cory Emmerton in River Rats zone.
2:22 of 3rd period - Chris Mcallister is hit by Lauri Tukonen.
4:16 of 3rd period - T.J Galiardi is hit by Andrej Meszaros and loses puck.
4:21 of 3rd period - Penalty to Matt Jones is over, Matt Jones is back on ice.
5:15 of 3rd period - Slapshot by Michael Del Zotto.
5:15 of 3rd period - Stopped by Jason Missiaen with a rebound.
5:17 of 3rd period - Slapshot by Pierre-Cédric Labrie.
5:17 of 3rd period - Shot Misses the Net.
5:19 of 3rd period - Wrist shot by Matt Jones.
5:19 of 3rd period - Stopped by Jason Missiaen with a rebound.
5:21 of 3rd period - Snap shot by Kellan Lain.
5:21 of 3rd period - Goal by Kellan Lain - River Rats : 8 - Patriotes : 3.
5:21 of 3rd period - Joey MacDonald enters game.
5:22 of 3rd period - Tyler Bozak wins face-off versus Zenon Konopka in neutral zone.
5:25 of 3rd period - Slapshot by Andrej Meszaros.
5:25 of 3rd period - Shot Blocked by Brett Skinner.
5:33 of 3rd period - Snap shot by Brett Skinner.
5:33 of 3rd period - Shot Misses the Net.
5:35 of 3rd period - Snap shot by T.J Galiardi.
5:35 of 3rd period - Stopped by Braden Holtby with a rebound.
5:37 of 3rd period - Slapshot by Zenon Konopka.
5:37 of 3rd period - Goal by Zenon Konopka - River Rats : 8 - Patriotes : 4.
5:38 of 3rd period - Cory Emmerton wins face-off versus Tyler Bozak in neutral zone.
5:41 of 3rd period - Andrej Meszaros is hit by Fedor Fedorov and loses puck.
6:45 of 3rd period - Sami Vatanen is hit by Martin Grenier and loses puck.
7:05 of 3rd period - Wrist shot by Kellan Lain.
7:05 of 3rd period - Deflect By Timothy Kunes.
7:05 of 3rd period - Shot Misses the Net.
7:05 of 3rd period - Puck is out of play.
7:06 of 3rd period - Cory Emmerton wins face-off versus Tyler Bozak in Patriotes zone.
7:19 of 3rd period - Slapshot by Fedor Fedorov.
7:19 of 3rd period - Shot Misses the Net.
7:21 of 3rd period - Wrist shot by Joe Charlebois.
7:21 of 3rd period - Shot Misses the Net.
7:56 of 3rd period - Slapshot by J.T. Brown.
7:56 of 3rd period - Deflect By Jamie Arniel.
7:56 of 3rd period - Stopped by Joey MacDonald without a rebound.
7:57 of 3rd period - Zenon Konopka wins face-off versus Jamie Arniel in Patriotes zone.
8:06 of 3rd period - Snap shot by Zenon Konopka.
8:06 of 3rd period - Stopped by Braden Holtby without a rebound.
8:07 of 3rd period - Zenon Konopka wins face-off versus Tyler Bozak in River Rats zone.
8:23 of 3rd period - Snap shot by Tyler Bozak.
8:23 of 3rd period - Stopped by Joey MacDonald with a rebound.
8:29 of 3rd period - Minor Penalty to T.J Galiardi for Goalie Interference.
8:30 of 3rd period - Tyler Bozak wins face-off versus Fedor Fedorov in Patriotes zone.
8:43 of 3rd period - Snap shot by Brett Maclean.
8:43 of 3rd period - Shot Misses the Net.
8:45 of 3rd period - Slapshot by Petr Sykora.
8:45 of 3rd period - Stopped by Joey MacDonald without a rebound.
8:46 of 3rd period - Tyler Bozak wins face-off versus Fedor Fedorov in Patriotes zone.
8:49 of 3rd period - Slapshot by Justin Schultz.
8:49 of 3rd period - Shot Misses the Net.
8:55 of 3rd period - Snap shot by Tyler Bozak.
8:55 of 3rd period - Goal by Tyler Bozak - River Rats : 9 - Patriotes : 4.
8:56 of 3rd period - Cory Emmerton wins face-off versus Tyler Bozak in neutral zone.
9:03 of 3rd period - Wrist shot by Cory Emmerton.
9:03 of 3rd period - Stopped by Braden Holtby with a rebound.
9:05 of 3rd period - Slapshot by Joe Charlebois.
9:05 of 3rd period - Deflect By Cory Emmerton.
9:05 of 3rd period - Stopped by Braden Holtby without a rebound.
9:06 of 3rd period - Cory Emmerton wins face-off versus Tyler Bozak in River Rats zone.
9:12 of 3rd period - Cory Emmerton beats up Martin Grenier.
9:12 of 3rd period - Penalty to Cory Emmerton for Fighting.
9:12 of 3rd period - Penalty to Martin Grenier for Fighting.
9:12 of 3rd period - Penalty to Cory Emmerton for instigated a fight.
9:12 of 3rd period - Penalty to Cory Emmerton for instigated a fight.
9:13 of 3rd period - Tyler Bozak wins face-off versus Fedor Fedorov in River Rats zone.
11:12 of 3rd period - Penalty to Cory Emmerton is over, Lauri Tukonen is send on ice.
11:49 of 3rd period - Michael Del Zotto is hit by Patrice Cormier and loses puck.
12:31 of 3rd period - Sami Vatanen is hit by Brett Maclean and loses puck.
13:32 of 3rd period - Zack Stortini is hit by Steve Quailer.
13:44 of 3rd period - Sami Vatanen is hit by Kellan Lain and loses puck.
14:20 of 3rd period - J.T. Brown is hit by Liam Reddox and loses puck.
14:58 of 3rd period - Mathieu Brodeur is hit by Michael Del Zotto and loses puck.
15:24 of 3rd period - Nigel Williams is hit by Andrej Meszaros and loses puck.
16:37 of 3rd period - Minor Penalty to Kellan Lain for Boarding.
16:38 of 3rd period - Chris Mcallister wins face-off versus Fedor Fedorov in River Rats zone.
18:01 of 3rd period - Brett Maclean is hit by Patrice Cormier and loses puck.
18:37 of 3rd period - Penalty to Kellan Lain is over, Kellan Lain is back on ice.
18:43 of 3rd period - Slapshot by Michael Del Zotto.
18:43 of 3rd period - Stopped by Joey MacDonald without a rebound.
18:44 of 3rd period - Zenon Konopka wins face-off versus Steve Quailer in Patriotes zone.
18:49 of 3rd period - Slapshot by Michael Del Zotto.
18:49 of 3rd period - Deflect By Kellan Lain.
18:49 of 3rd period - Stopped by Joey MacDonald with a rebound.
19:12 of 3rd period - 10 Minutes Game Misconduct Penalty to Cory Emmerton is over.
19:24 of 3rd period - Andrej Meszaros is hit by Sami Vatanen.
19:30 of 3rd period - Brett Maclean is hit by Jared Staal and loses puck.
Goals for this period are 2 for River Rats vs 2 for Patriotes.
Shots for this period are 10 for River Rats vs 8 for Patriotes.
Output by the SimonT Hockey Simulator (STHS) for François Prévost -- Original Page W3C XHTML 1.0 Valid